 Dungeon Sprint DCSS version 0.20-a0-46-g4a4b873 (webtiles) character file.

479670 packetloss the Formicid Barricade (level 20, 196/196 (197) HPs)
             Began as a Formicid Monk on Nov 14, 2016.
             Was the Champion of Makhleb.
             Escaped with the Orb!
             The game lasted 00:54:00 (2846 turns).

packetloss the Formicid Barricade (Formicid Monk)   Turns: 2846, Time: 00:54:01

HP:   196/196 (197) AC: 46    Str: 29    XL:     20   Next: 52%
MP:   37/37         EV: 41    Int:  9    God:    Makhleb [******]
Gold: 0             SH: 40    Dex: 23    Spells: 2 memorised, 14 levels left

rFire  + + .     SeeInvis +     Z - +8 frozen axe "Frostbite" {freezing cloud, *Noise +Fly rC+}
rCold  + + +     Gourm    .     B - +15 Maxwell's patent armour {-Cast -Tele rElec MR+ rCorr}
rNeg   + + .     Faith    .     C - +18 shield of the Gong {rElec rN+ MR+ EV-5}
rPois  +         Spirit   .     (helmet unavailable)
rElec  +         Reflect  +     F - +1 cloak of Starlight {rElec rC+ EV+4 Stlth--}
rCorr  +         Harm     .     y - +2 pair of gloves {archery}
MR     ++++.     NoCast   +     l - +0 pair of boots of Responsibility {rPois}
Stlth  ..........               q - amulet of Zafoman {Reflect rN+ MR- SH+2 SInv}
                                f - ring "Goittu" {rF+ rC+ MR+ Dex+3}
                                t - ring of Shaolin {EV+8}

@: mighty, agile, resistant, studying Necromancy
A: permanent stasis, dig shafts and tunnels, four strong arms, antennae 3
a: Dig, Minor Destruction, Lesser Servant of Makhleb, Major Destruction, Greater
Servant of Makhleb, Renounce Religion, Evoke Flight
0: Orb of Zot


You escaped.
You worshipped Makhleb.
Makhleb was exalted by your worship.
You were not hungry.

You visited 1 branch

Inventory:

Hand Weapons
 a - a +9 executioner's axe of chopping
   (You found it in the Dungeon)
 S - the +14 obsidian axe {chop, +Fly SInv *Curse}
   (You found it in the Dungeon)

   It inflicts extra damage upon your enemies.
   It lets you see invisible.
   It lets you fly.
   It may re-curse itself when equipped.
 W - the +1 scythe of the Skies Above {pain, *Rage rPois rC++ Dex+2}
   (You found it in the Dungeon)

   In the hands of one skilled in necromantic magic, it inflicts extra damage on
   living creatures.
   It affects your dexterity (+2).
   It greatly protects you from cold.
   It protects you from poison.
   It may make you go berserk in combat.
 Z - the +8 frozen axe "Frostbite" (weapon) {freezing cloud, *Noise +Fly rC+}
   (You found it in the Dungeon)

   It has been specially enchanted to freeze those struck by it, causing extra
   injury to most foes and up to half again as much damage against particularly
   susceptible opponents.
   It can also slow down cold-blooded creatures.
   It protects you from cold.
   It lets you fly.
   It may make noises in combat.
Armour
 l - the +0 pair of boots of Responsibility (worn) {rPois}
   (You found it in the Dungeon)

   It protects you from poison.
 y - a +2 pair of gloves of archery (worn)
   (You found it in the Dungeon)
 B - the +15 Maxwell's patent armour (worn) {-Cast -Tele rElec MR+ rCorr}
   (You found it in the Dungeon)

   It insulates you from electricity.
   It affects your resistance to hostile enchantments.
   It prevents spellcasting.
   It prevents most forms of teleportation.
   It protects you from acid and corrosion.
 C - the +18 shield of the Gong (worn) {rElec rN+ MR+ EV-5}
   (You found it in the Dungeon)

   It affects your evasion (-5).
   It insulates you from electricity.
   It protects you from negative energy.
   It affects your resistance to hostile enchantments.
 F - the +1 cloak of Starlight (worn) {rElec rC+ EV+4 Stlth--}
   (You found it in the Dungeon)

   It affects your evasion (+4).
   It protects you from cold.
   It insulates you from electricity.
   It makes you much less stealthy.
 V - the +0 cloak "Woupso" {rPois rN+ Dex+3}
   (You found it in the Dungeon)

   It affects your dexterity (+3).
   It protects you from poison.
   It protects you from negative energy.
Rods
 b - a +3 rod of ignition (12/12) {!a}
   (You found it in the Dungeon)
 i - a +6 rod of clouds (11/11) {!a}
   (You took it off a skeletal warrior in the Dungeon)
 n - a +4 rod of shadows (13/13)
   (You found it in the Dungeon)
Jewellery
 f - the ring "Goittu" (right hand) {rF+ rC+ MR+ Dex+3}
   (You found it in the Dungeon)

   [ring of protection from cold]

   It affects your dexterity (+3).
   It protects you from fire.
   It protects you from cold.
   It affects your resistance to hostile enchantments.
 q - the amulet of Zafoman (around neck) {Reflect rN+ MR- SH+2 SInv}
   (You found it in the Dungeon)

   [amulet of reflection]

   It shields you and reflects attacks.
   It protects you from negative energy.
   It affects your resistance to hostile enchantments.
   It lets you see invisible.
   It affects your SH (+2).
 t - the ring of Shaolin (left hand) {EV+8}
   (You took it off a vampire mage in the Dungeon)

   [ring of evasion]

   It affects your evasion (+8).
 w - the ring "Daul" {rPois rF+ rC+ AC+3 Str+3}
   (You took it off a skeletal warrior in the Dungeon)

   [ring of protection]

   It affects your AC (+3).
   It affects your strength (+3).
   It protects you from fire.
   It protects you from cold.
   It protects you from poison.
 z - the ring of the Unstoppable Wars {rCorr rC+ rN+ MR+ MP+9}
   (You found it in the Dungeon)

   [ring of resist corrosion]

   It protects you from cold.
   It protects you from negative energy.
   It affects your resistance to hostile enchantments.
   It affects your magic capacity (+9).
 A - an uncursed ring of protection from cold {rC+, !d}
   (You took it off a vampire knight in the Dungeon)
 T - the ring "Muam" {Wiz rN+ SInv}
   (You found it in the Dungeon)

   [ring of wizardry]

   It improves your spell success rate.
   It protects you from negative energy.
   It lets you see invisible.
 Y - the ring "Afusiofir" {+Fly rF+ MP+9 Str+2 Dex+4}
   (You found it in the Dungeon)

   [ring of flight]

   It affects your strength (+2).
   It affects your dexterity (+4).
   It protects you from fire.
   It affects your magic capacity (+9).
   It lets you fly.
Wands
 j - a wand of disintegration (7/24)
   (You found it in the Dungeon)
 k - a wand of iceblast (5/15)
   (You found it in the Dungeon)
 m - a wand of acid (5/15)
   (You found it in the Dungeon)
 p - a wand of heal wounds (7/9)
   (You took it off a skeletal warrior in the Dungeon)
Scrolls
 G - 5 scrolls of recharging
 H - 10 scrolls of fog
 I - 2 scrolls of holy word {!r}
 J - 5 scrolls of identify
 K - 4 scrolls of remove curse
 L - 2 scrolls of fear
 U - 15 scrolls of enchant armour
Potions
 d - 10 potions of curing
 e - 13 potions of heal wounds
 g - 7 potions of magic
 M - 2 potions of brilliance
 N - a potion of invisibility
 O - 2 potions of resistance
 Q - 3 potions of agility
 R - 2 potions of might
Books
 r - a manual of Necromancy {!d}
   (You found it in the Dungeon)
Miscellaneous
 h - a phial of floods
   (You found it in the Dungeon)
 o - a crystal ball of energy
   (You found it in the Dungeon)
 s - 13 boxes of beasts
 u - 7 phantom mirrors
 v - a disc of storms
   (You found it in the Dungeon)
 x - a lamp of fire
   (You found it in the Dungeon)
 P - a fan of gales
   (You found it in the Dungeon)
 X - 10 sacks of spiders
Comestibles
 c - 4 bread rations {@e1}
 D - 41 fruits
 E - 4 meat rations {@e2}


   Skills:
 O Level 27 Fighting
 O Level 27 Axes
 O Level 27 Armour
 + Level 26.1 Dodging
 - Level 2.4 Stealth
 O Level 27 Shields
 - Level 14.7 Invocations
 + Level 26.3 Evocations


You had 14 spell levels left.
You knew the following spells:

 Your Spells              Type           Power        Failure   Level  Hunger
d - Repel Missiles        Chrm/Air       #.....       98%         2    ###....
r - Regeneration          Chrm/Necr      #.........   100%        3    ####...


Dungeon Overview and Level Annotations

Branches:
Dungeon (1/1)

Altars:
Ashenzari
Cheibriados
Dithmenos
Elyvilon
Fedhas
Gozag
Hepliaklqana
Kikubaaqudgha
Makhleb
Nemelex Xobeh
Okawaru
Qazlal
Ru
Sif Muna
Trog
Uskayaw
Vehumet
Xom
Yredelemnul
Zin
The Shining One
Beogh
Jiyva
Lugonu


Innate Abilities, Weirdness & Mutations

You are under a permanent stasis effect.
You can dig through walls and to a lower floor.
Your four strong arms can wield two-handed weapons with a shield.
You have a pair of large antennae on your head. (SInv)


Message History

You kill the shadow dragon!
Makhleb accepts your kill.
The shadow dragon scales are intact enough to wear.
You slash the soul eater! You freeze the soul eater.
You block the soul eater's attack.
BONNNG!
You hit the soul eater but do no damage.
Unknown command.
You carve the soul eater like a ham!!!! You freeze the soul eater.
You kill the soul eater!
MP restored: 37 Your magical contamination has completely faded away.
A - an uncursed ring of protection from cold {rC+, !d} Your pack is full.
Things that are here:
a +0 battleaxe of freezing; a plate armour; 2 scrolls of brand weapon
As you read the scroll of brand weapon, it crumbles to dust.
Your +9 executioner's axe of chaos drips with poison.
a - a +9 executioner's axe of venom
As you read the scroll of brand weapon, it crumbles to dust.
Your +9 executioner's axe of venom is engulfed in flames!
a - a +9 executioner's axe of flaming
Things that are here:
+0 shadow dragon scales; a battleaxe; a shadow dragon corpse You see here a necrophage corpse.
Items here: [[[ ††† +0 shadow dragon scales x3; a shadow dragon corpse x3
Things that are here:
a ghoul corpse x2
You see here a shadow dragon corpse.
Things that are here:
a ghoul corpse x2
You start to feel less resistant.
Unknown command.
You feel a little less agile now.
Your resistance to elements expires.
Unknown command.
You feel a little less mighty now.
Your pack is full.
You see here a scroll of brand weapon.
As you read the scroll of brand weapon, it crumbles to dust.
Your +9 executioner's axe of flaming projects an invisible shield of force!
a - a +9 executioner's axe of protection Your pack is full.
You see here a +2 ring of slaying.
U - 15 scrolls of enchant armour (gained 4)
You see here a fan of gales.
You see here 2 potions of haste.
Your pack is full.
You see here the ring of the Will of the Gods {Dex+4 SInv Stlth+}.
u - 7 phantom mirrors (gained 1)
Q - 4 potions of agility (gained 1)
Your pack is full.
You see here the ring "Naoness" {rPois rC+ Str-3 Int+4}.
You see here a book of Fire.
You see here a +5 glaive of venom.
You see here a book of the Sky.
Your pack is full.
You see here a +5 ring of dexterity.
You see here a book of Geomancy.
e - 13 potions of heal wounds (gained 2)
X - 9 sacks of spiders (gained 1)
You see here an uncursed staff of summoning {!a}.
You see here the Incunabulum of Evil Execration.
You see here a +1 leather armour of poison resistance.
Your pack is full.
You see here a scroll of brand weapon.
As you read the scroll of brand weapon, it crumbles to dust.
Your +9 executioner's axe of protection emits a brilliant flash of light!
a - a +9 executioner's axe of chopping Your pack is full.
You see here the +4 plate armour of Kocwiuge {rPois}.
Your pack is full.
You see here the +1 cloak of the Beginning {rC+ Dex+3}.
Your pack is full.
You see here a +0 cloak of magic resistance.
You see here a +1 long sword of protection.
X - 10 sacks of spiders (gained 1)
You see here Sif Muna's Almanac of Dislocation.
You see here the +8 dagger of the Skies Above {flame, +Rage rF- rC+}.
You see here a +2 rapier of electrocution.
You see here a +1 hand crossbow of flaming.
You see here a +0 falchion of freezing.
You see here an uncursed staff of summoning {!a}.
You see here a book of the Tempests.
You see here a book of Fire.
You feel very mighty all of a sudden.
You feel agile all of a sudden.
You feel protected. An exit appears before you!
Your surroundings seem different!
Found the Orb of Zot.
Found a staircase leading out of the dungeon.
Unknown command.
Unknown command.
You see here the Orb of Zot.
You pick up the Orb of Zot!
The Orb lets out a hideous shriek!
The lords of Pandemonium are not amused.
Beware!
Now all you have to do is get back out of the dungeon!
There is a staircase leading out of the dungeon here.
You have escaped!

.....▓.▓.▓.....▓.▓.
.....▓..▓.......▓..
.....▓.............
.....▓.............
.....▓▓▓▓▓▓▓▓▓▓▓▓▓▓
.▓...▓8888888888888
▓.▓..▓8...........8
.▓...▓8.§@........8
.....▓8...........8
.....▓8888888888888
▓▓▓▓▓▓▓▓▓▓▓▓▓▓▓▓▓▓▓
8........▓...=....8
:[|.[)[:.▓.)[.=[|..
)[}.)[[|.▓.).)=").[
))}(.)):.▓..[):.):.


There were no monsters in sight!

Vanquished Creatures
  An ancient lich (D)
  A curse toe (D)
  A golden dragon (D)
  3 bone dragons (D)
  2 Tzitzimimeh (D)
  2 doom hounds (D)
  3 iron giants (D)
  3 tentacled monstrosities (D)
  A deep elf blademaster (D)
  A lich (D)
  2 Ice Fiends (D)
  8 Orb Guardians (D)
  A quicksilver dragon (D)
  2 deep elf master archers (D)
  Polyphemus (D)
  A death cob (D)
  Agnes (D)
  13 shadow dragons (D)
  3 storm dragons (D)
  5 fire giants (D)
  A draconian monk (D)
  An iron dragon (D)
  5 frost giants (D)
  2 draconian knights (D)
  4 deep elf sorcerers (D)
  A draconian shifter (D)
  4 orc warlords (D)
  A draconian scorcher (D)
  11 ghouls (D)
  A draconian zealot (D)
  9 reapers (D)
  14 stone giants (D)
  A draconian caller (D)
  A deep elf demonologist (D)
  5 black draconians (D)
  6 vampire knights (D)
  7 green draconians (D)
  3 red draconians (D)
  2 purple draconians (D)
  Azrael (D)
  5 deep elf annihilators (D)
  8 mottled draconians (D)
  5 yellow draconians (D)
  6 white draconians (D)
  A blizzard demon (D)
  A fire dragon (D)
  A deep elf high priest (D)
  5 ice dragons (D)
  6 dancing weapons (D)
  3 orc high priests (D)
  4 hell hogs (D)
  2 vampire magi (D)
  26 soul eaters (D)
  A deep elf knight (D)
  11 skeletal warriors (D)
  2 shadow demons (D)
  A flayed ghost (D)
  A deep troll (shapeshifter) (D)
  2 deep elf archers (D)
  8 orc knights (D)
  2 hill giants (D)
  11 orc sorcerers (D)
  2 necromancers (D)
  9 deep elf magi (D)
  6 moths of wrath (D)
  2 cyclopes (D)
  6 rust devils (D)
  2 black mambas (D)
  A guardian serpent (D)
  A rime drake (D)
  A hellion (D)
  2 yaktaurs (D)
  2 freezing wraiths (D)
  2 efreet (D)
  8 tormentors (D)
  9 ice devils (D)
  6 trolls (D)
  2 red devils (D)
  2 polar bears (D)
  8 two-headed ogres (D)
  Prince Ribbit (D)
  A slime creature (D)
  A vampire (D)
  4 shadows (D)
  A yak (shapeshifter) (D)
  2 wraiths (D)
  2 yaks (D)
  2 fire elementals (D)
  A golden eye (D)
  A chaos spawn (D)
  A basilisk (D)
  A warg (D)
  Duvessa (D)
  2 water moccasins (D)
  4 hell hounds (D)
  A porcupine (D)
  4 ice beasts (D)
  2 eyes of draining (D)
  12 orc warriors (D)
  2 necrophages (D)
  A phantom (D)
  8 ogres (D)
  4 wolves (D)
  3 centaurs (D)
  3 bullfrogs (D)
  An earth elemental (D)
  Dowan (D)
  3 wights (D)
  2 crimson imps (D)
  2 jellies (D)
  Crazy Yiuf (D)
  2 orc priests (D)
  2 orc wizards (D)
  10 iron imps (D)
  An iguana (D)
  2 mummies (D)
  2 river rats (D)
  A shadow imp (D)
  2 white imps (D)
  An ooze (D)
  4 adder zombies (D)
  10 adder skeletons (D)
  2 adder simulacra (D)
  5 ball pythons (D)
  9 bat skeletons (D)
  14 bat zombies (D)
  A ball python zombie (D)
  A bat simulacrum (D)
  A giant cockroach simulacrum (D)
  5 giant cockroach zombies (D)
  2 jackal skeletons (D)
  3 jackal zombies (D)
  A leopard gecko skeleton (D)
  3 leopard gecko zombies (D)
  A quokka simulacrum (D)
  2 quokka skeletons (D)
  2 quokka zombies (D)
482 creatures vanquished.

Vanquished Creatures (collateral kills)
  A ghost moth (D)
  A mottled draconian (D)
  A purple draconian (D)
  A deep elf annihilator (D)
  A red draconian (D)
  2 orc high priests (D)
  A vampire mage (D)
  A deep elf knight (D)
  A hill giant (D)
  2 necromancers (D)
  2 deep elf magi (D)
  A cyclops (D)
  A shining eye (D)
  A rust devil (D)
  A black mamba (D)
  A komodo dragon (D)
  3 shadows (D)
  An air elemental (D)
  Eustachio (D)
  A basilisk (D)
  A golden eye (D)
  Edmund (D)
  A naga (D)
  3 orc warriors (D)
  2 necrophages (D)
  An ogre (D)
  An orc priest (D)
  Terence (D)
  A shadow imp (D)
  A giant cockroach zombie (D)
  A leopard gecko skeleton (D)
  A quokka skeleton (D)
  3 fire vortices (D)
43 creatures vanquished.

Vanquished Creatures (others)
  2 deep elf master archers (D)
  2 deep elf knights (D)
  A deep elf archer (D)
  A cyclops (D)
  A troll (D)
  A polar bear (D)
  An orc warrior (D)
  A jackal zombie (D)
10 creatures vanquished.

Grand Total: 535 creatures vanquished

Notes
Turn   | Place    | Note
-------+----------+-------------------------------------------
     0 | D        | packetloss the Formicid Monk began the quest for the Orb.
     0 | D        | Reached XP level 1. HP: 18/18 MP: 1/1
     0 | D        | Found a deep blue altar of Sif Muna.
     0 | D        | Found a bloodstained altar of Trog.
     0 | D        | Found a sacrificial altar of Ru.
     0 | D        | Found a stormy altar of Qazlal.
     0 | D        | Found an iron altar of Okawaru.
     3 | D        | Found a sparkling altar of Nemelex Xobeh.
     5 | D        | Found a corrupted altar of Lugonu.
     5 | D        | Found an ancient bone altar of Kikubaaqudgha.
     5 | D        | Found a burning altar of Makhleb.
     5 | D        | Found a viscous altar of Jiyva.
     5 | D        | Found a hazy altar of Hepliaklqana.
    18 | D        | Found an opulent altar of Gozag.
    19 | D        | Found a blossoming altar of Fedhas.
    88 | D        | Became a worshipper of Makhleb the Destroyer
    88 | D        | Reached * piety under Makhleb
    88 | D        | Reached ** piety under Makhleb
    95 | D        | Reached skill level 8 in Axes
    95 | D        | Reached XP level 2. HP: 24/24 MP: 2/2
    99 | D        | Entered arena 1.
    99 | D        | Noticed a wolf
    99 | D        | Noticed a wolf
   101 | D        | Killed a wolf
   101 | D        | Reached skill level 10 in Axes
   101 | D        | Reached XP level 3. HP: 29/29 MP: 3/3
   101 | D        | Reached XP level 4. HP: 35/35 MP: 4/4
   103 | D        | Killed a wolf
   103 | D        | Reached skill level 11 in Axes
   103 | D        | Reached XP level 5. HP: 41/41 MP: 5/5
   111 | D        | Entered arena 2.
   111 | D        | Noticed an orc sorcerer
   111 | D        | Noticed a deep elf archer
   116 | D        | Killed an orc sorcerer
   116 | D        | Reached skill level 15 in Axes
   116 | D        | Reached XP level 6. HP: 36/47 MP: 6/6
   116 | D        | Reached XP level 7. HP: 40/52 MP: 7/7
   116 | D        | Reached *** piety under Makhleb
   120 | D        | Killed a deep elf archer
   120 | D        | Reached skill level 16 in Axes
   120 | D        | Reached XP level 8. HP: 58/58 MP: 8/8
   127 | D        | Identified the Reference Book on Congealing Dark Rituals (You found it in the Dungeon)
   130 | D        | Entered arena 3.
   130 | D        | Noticed a deep elf mage
   130 | D        | Noticed a deep elf mage
   130 | D        | Noticed a deep elf mage
   130 | D        | Noticed a deep elf mage
   133 | D        | Killed a deep elf mage
   133 | D        | Reached skill level 17 in Axes
   136 | D        | Killed a deep elf mage
   136 | D        | Reached skill level 18 in Axes
   136 | D        | Reached XP level 9. HP: 59/64 MP: 9/9
   137 | D        | Killed a deep elf mage
   137 | D        | Reached **** piety under Makhleb
   137 | D        | Reached skill level 19 in Axes
   143 | D        | Killed a deep elf mage
   160 | D        | Entered arena 4.
   160 | D        | Noticed a polar bear
   165 | D        | Killed a polar bear
   165 | D        | Reached skill level 2 in Armour
   165 | D        | Reached skill level 3 in Dodging
   165 | D        | Reached skill level 2 in Shields
   165 | D        | Reached ***** piety under Makhleb
   183 | D        | Learned a level 3 spell: Regeneration
   184 | D        | Entered arena 5.
   184 | D        | Noticed a yaktaur
   184 | D        | Noticed a yaktaur
   189 | D        | Reached skill level 3 in Shields
   189 | D        | Reached skill level 3 in Armour
   189 | D        | Reached skill level 4 in Dodging
   189 | D        | Reached XP level 10. HP: 68/70 MP: 10/10
   193 | D        | Killed a yaktaur
   193 | D        | Reached skill level 4 in Armour
   193 | D        | Reached skill level 4 in Shields
   193 | D        | Killed a yaktaur
   193 | D        | Reached skill level 5 in Armour
   193 | D        | Reached skill level 5 in Dodging
   193 | D        | Reached skill level 5 in Shields
   200 | D        | Got the amulet of Qotadd {Inacc Dex+6 Stlth+}
   203 | D        | Got the ring of the Unstoppable Wars {rCorr rC+ rN+ MR+ MP+9}
   219 | D        | Identified the Tome of the Mountains and Envenoming (You found it in the Dungeon)
   222 | D        | Entered arena 6.
   222 | D        | Noticed a rust devil
   229 | D        | Reached ****** piety under Makhleb
   229 | D        | Reached skill level 6 in Shields
   234 | D        | Killed a rust devil
   234 | D        | Reached skill level 6 in Armour
   234 | D        | Reached skill level 6 in Dodging
   253 | D        | Entered arena 7.
   259 | D        | Reached skill level 7 in Shields
   264 | D        | Reached skill level 4 in Fighting
   275 | D        | Got the ring of Opautenke {Int+2 SInv}
   278 | D        | Entered arena 8.
   286 | D        | Reached skill level 7 in Armour
   288 | D        | Reached skill level 5 in Fighting
   288 | D        | Reached skill level 8 in Shields
   296 | D        | Got the amulet of Zafoman {Reflect rN+ MR- SH+2 SInv}
   299 | D        | Identified the Tome of Dislocation and Ice (You found it in the Dungeon)
   300 | D        | Got the ring of Suub {rC+ EV+1}
   306 | D        | Identified the Volume of Damaging Clay (You found it in the Dungeon)
   307 | D        | Entered arena 9.
   307 | D        | Noticed a komodo dragon
   314 | D        | Reached skill level 7 in Dodging
   318 | D        | Killed a komodo dragon
   318 | D        | Reached skill level 8 in Armour
   318 | D        | Reached skill level 6 in Fighting
   318 | D        | Reached XP level 11. HP: 81/81 MP: 11/11
   331 | D        | Identified the Catalogue of Aid (You found it in the Dungeon)
   334 | D        | Learned a level 2 spell: Repel Missiles
   334 | D        | Identified the Catalogue of Aid (You found it in the Dungeon)
   340 | D        | Entered arena 10.
   340 | D        | Noticed a shining eye
   345 | D        | Reached skill level 9 in Shields
   347 | D        | Killed a shining eye
   355 | D        | Reached skill level 7 in Fighting
   468 | D        | Entered arena 11.
   475 | D        | Reached skill level 9 in Armour
   475 | D        | Reached skill level 8 in Dodging
   475 | D        | Reached skill level 10 in Shields
   481 | D        | Reached skill level 8 in Fighting
   600 | D        | Entered arena 12.
   607 | D        | Reached skill level 3 in Evocations
   608 | D        | Reached skill level 4 in Evocations
   609 | D        | Reached skill level 6 in Evocations
   611 | D        | Reached skill level 7 in Evocations
   620 | D        | Got the ring "Goittu" {rF+ rC+ MR+ Dex+3}
   671 | D        | Entered arena 13.
   672 | D        | Noticed an orc sorcerer
   672 | D        | Noticed an orc high priest
   673 | D        | Noticed an orc sorcerer
   673 | D        | Noticed an orc high priest
   673 | D        | Noticed an orc sorcerer
   675 | D        | Noticed a sun demon
   677 | D        | Killed an orc sorcerer
   677 | D        | Reached skill level 8 in Evocations
   683 | D        | Noticed a sun demon
   684 | D        | Killed an orc high priest
   684 | D        | Reached skill level 9 in Evocations
   686 | D        | Killed an orc sorcerer
   686 | D        | Reached skill level 10 in Evocations
   687 | D        | Killed an orc sorcerer
   687 | D        | Reached skill level 11 in Evocations
   690 | D        | Reached XP level 12. HP: 77/94 MP: 20/20
   690 | D        | Killed an orc high priest
   706 | D        | Got the amulet of Wohe Oxt {Gourm rC+ MP+9 Str+2}
   709 | D        | Got the +1 scythe of the Skies Above {pain, *Rage rPois rC++ Dex+2}
   733 | D        | Entered arena 14.
   734 | D        | Noticed Duvessa
   734 | D        | Noticed Crazy Yiuf
   734 | D        | Noticed Eustachio
   734 | D        | Noticed Polyphemus
   734 | D        | Noticed Dowan
   735 | D        | Noticed Azrael
   735 | D        | Noticed Edmund
   735 | D        | Killed Crazy Yiuf
   736 | D        | Noticed Agnes
   736 | D        | Noticed Terence
   736 | D        | Noticed Prince Ribbit
   740 | D        | Killed Prince Ribbit
   740 | D        | Reached skill level 2 in Invocations
   741 | D        | Killed Dowan
   741 | D        | Reached skill level 3 in Invocations
   742 | D        | Killed Duvessa
   748 | D        | Killed Agnes
   748 | D        | Reached skill level 8 in Invocations
   748 | D        | Killed Edmund
   749 | D        | Killed Azrael
   749 | D        | Reached skill level 10 in Invocations
   753 | D        | Killed Polyphemus
   753 | D        | Reached skill level 13 in Invocations
   754 | D        | Killed Eustachio
   754 | D        | Killed Terence
   777 | D        | Got the ring "Afusiofir" {+Fly rF+ MP+9 Str+2 Dex+4}
   785 | D        | Got the ring of Autumn {Ice rElec}
   795 | D        | Got the ring of Evvaged {Ice Int+3}
   838 | D        | Entered arena 15.
   839 | D        | Noticed an orc high priest
   839 | D        | Noticed a stone giant
   841 | D        | Noticed a soul eater
   849 | D        | Killed a stone giant
   849 | D        | Reached skill level 14 in Invocations
   853 | D        | Reached skill level 10 in Armour
   857 | D        | Killed an orc high priest
   857 | D        | Reached skill level 9 in Dodging
   857 | D        | Reached skill level 11 in Shields
   858 | D        | Reached skill level 9 in Fighting
   888 | D        | Got the +10 arbalest of Skirmishing {freeze, rF+ Str+4 Int+2 Dex+2}
   903 | D        | Entered arena 16.
   909 | D        | Noticed a hell hog
   909 | D        | Noticed a hell hog
   909 | D        | Noticed a fire giant
   909 | D        | Noticed a hell hog
   910 | D        | Noticed a hell hog
   910 | D        | Noticed a fire giant
   913 | D        | Noticed a fire giant
   917 | D        | Noticed a fire dragon
   917 | D        | Killed a hell hog
   917 | D        | Reached XP level 13. HP: 101/101 MP: 24/24
   925 | D        | Reached skill level 10 in Fighting
   925 | D        | Reached skill level 11 in Armour
   926 | D        | Killed a fire giant
   926 | D        | Reached skill level 20 in Axes
   926 | D        | Reached skill level 10 in Dodging
   926 | D        | Reached skill level 12 in Shields
   930 | D        | Killed a fire giant
   931 | D        | Killed a fire giant
   933 | D        | Killed a fire dragon
   933 | D        | Reached skill level 11 in Fighting
   933 | D        | Reached skill level 12 in Armour
   975 | D        | Entered arena 17.
   983 | D        | Noticed a deep elf annihilator
   983 | D        | Noticed a deep elf master archer
   983 | D        | Noticed a deep elf high priest
   984 | D        | Noticed a deep elf annihilator
   984 | D        | Noticed a deep elf sorcerer
   984 | D        | Noticed a deep elf annihilator
   985 | D        | Noticed a deep elf annihilator
   986 | D        | Noticed a deep elf demonologist
   987 | D        | Noticed a deep elf annihilator
   988 | D        | Noticed a blizzard demon
   991 | D        | Reached skill level 13 in Shields
   991 | D        | Killed a deep elf annihilator
   996 | D        | Noticed an Executioner
   998 | D        | Killed a deep elf master archer
   998 | D        | Reached skill level 11 in Dodging
  1001 | D        | Killed a deep elf sorcerer
  1001 | D        | Reached skill level 12 in Fighting
  1001 | D        | Reached skill level 13 in Armour
  1005 | D        | Noticed a Brimstone Fiend
  1008 | D        | Killed a deep elf high priest
  1008 | D        | Reached skill level 14 in Shields
  1008 | D        | Reached XP level 14. HP: 81/115 MP: 25/25
  1016 | D        | Killed a deep elf annihilator
  1018 | D        | Killed a deep elf demonologist
  1022 | D        | Killed a deep elf annihilator
  1023 | D        | Killed a deep elf annihilator
  1024 | D        | Killed a deep elf annihilator
  1024 | D        | Reached skill level 12 in Dodging
  1080 | D        | Entered arena 18.
  1084 | D        | Noticed a fire giant
  1084 | D        | Noticed a stone giant
  1085 | D        | Noticed a fire giant
  1090 | D        | Reached skill level 13 in Fighting
  1091 | D        | Reached skill level 21 in Axes
  1097 | D        | Reached skill level 14 in Armour
  1097 | D        | Reached skill level 15 in Shields
  1100 | D        | Killed a stone giant
  1105 | D        | Killed a fire giant
  1111 | D        | Killed a fire giant
  1131 | D        | Got the ring "Muam" {Wiz rN+ SInv}
  1139 | D        | Got the amulet of Temie {Regen+ Int+2}
  1152 | D        | Entered arena 19.
  1157 | D        | Noticed a deep elf blademaster
  1157 | D        | Noticed a deep elf master archer
  1157 | D        | Noticed a deep elf sorcerer
  1158 | D        | Noticed a deep elf master archer
  1158 | D        | Noticed a deep elf master archer
  1158 | D        | Noticed a deep elf annihilator
  1158 | D        | Noticed a deep elf sorcerer
  1158 | D        | Noticed a deep elf sorcerer
  1162 | D        | Reached skill level 14 in Fighting
  1164 | D        | Killed a deep elf annihilator
  1164 | D        | Reached skill level 16 in Shields
  1166 | D        | Reached skill level 15 in Armour
  1168 | D        | Killed a deep elf master archer
  1170 | D        | Killed a deep elf blademaster
  1170 | D        | Reached skill level 15 in Fighting
  1172 | D        | Killed a deep elf sorcerer
  1172 | D        | Reached skill level 17 in Shields
  1172 | D        | Reached XP level 15. HP: 129/129 MP: 26/26
  1174 | D        | Reached skill level 22 in Axes
  1174 | D        | Killed a deep elf sorcerer
  1174 | D        | Reached skill level 16 in Armour
  1175 | D        | Killed a deep elf master archer
  1179 | D        | Killed a deep elf master archer
  1180 | D        | Reached skill level 16 in Fighting
  1186 | D        | Reached skill level 18 in Shields
  1191 | D        | Killed a deep elf sorcerer
  1237 | D        | Identified Zoireev's Compendium of Boosts and Earth (You found it in the Dungeon)
  1264 | D        | Entered arena 20.
  1268 | D        | Noticed a white draconian knight
  1270 | D        | Noticed a green draconian zealot
  1270 | D        | Noticed a black draconian shifter
  1270 | D        | Noticed a red draconian monk
  1271 | D        | Noticed a yellow draconian scorcher
  1278 | D        | Reached skill level 17 in Armour
  1278 | D        | Reached skill level 13 in Dodging
  1283 | D        | Killed a yellow draconian scorcher
  1288 | D        | Killed a white draconian knight
  1291 | D        | Reached skill level 19 in Shields
  1292 | D        | Killed a green draconian zealot
  1292 | D        | Reached skill level 14 in Dodging
  1294 | D        | HP: 20/133 [white draconian/glaive (15)]
  1295 | D        | HP: 4/133 [black draconian/trident (13)]
  1296 | D        | Reached skill level 17 in Fighting
  1296 | D        | Killed a red draconian monk
  1297 | D        | Killed a black draconian shifter
  1298 | D        | Reached skill level 20 in Shields
  1299 | D        | Reached skill level 23 in Axes
  1299 | D        | Reached skill level 18 in Armour
  1301 | D        | Reached skill level 15 in Dodging
  1305 | D        | HP: 31/134 [poisoned by a green death (poison gas)]
  1307 | D        | Reached XP level 16. HP: 55/143 MP: 27/27
  1311 | D        | Reached skill level 21 in Shields
  1315 | D        | Reached skill level 18 in Fighting
  1350 | D        | HP: 35/143 [poisoned by a green death (poison gas)]
  1357 | D        | HP: 35/143 [poisoned by a green death (poison gas)]
  1364 | D        | HP: 35/143 [poisoned by a green death (poison gas)]
  1697 | D        | Entered arena 21.
  1702 | D        | Noticed a frost giant
  1702 | D        | Noticed a frost giant
  1702 | D        | Noticed a frost giant
  1703 | D        | Noticed a frost giant
  1704 | D        | Noticed an Ice Fiend
  1704 | D        | Noticed a frost giant
  1704 | D        | Noticed an Ice Fiend
  1705 | D        | Reached skill level 16 in Dodging
  1709 | D        | Killed a frost giant
  1709 | D        | Reached skill level 12 in Evocations
  1712 | D        | Killed a frost giant
  1714 | D        | Killed a frost giant
  1716 | D        | Killed a frost giant
  1717 | D        | Killed a frost giant
  1721 | D        | Killed an Ice Fiend
  1721 | D        | Reached skill level 19 in Armour
  1721 | D        | Reached skill level 22 in Shields
  1729 | D        | Killed an Ice Fiend
  1729 | D        | Reached skill level 17 in Dodging
  1732 | D        | Reached skill level 13 in Evocations
  1771 | D        | Got the +2 cloak "Heyggie" {rN+ Int-2 Dex+5}
  1928 | D        | Entered arena 22.
  1937 | D        | Identified a +4 rod of shadows (13/13) (You found it in the Dungeon)
  1940 | D        | Identified a +2 rod of shadows (12/12) (You found it in the Dungeon)
  1949 | D        | Noticed an ancient lich
  1952 | D        | Reached skill level 19 in Fighting
  1957 | D        | Reached skill level 24 in Axes
  1962 | D        | Reached skill level 18 in Dodging
  1964 | D        | Reached skill level 14 in Evocations
  1967 | D        | Reached skill level 23 in Shields
  1968 | D        | Killed an ancient lich
  1968 | D        | Reached skill level 20 in Armour
  1968 | D        | Reached XP level 17. HP: 155/155 MP: 28/28
  2026 | D        | Entered arena 23.
  2031 | D        | Noticed a doom hound
  2032 | D        | Reached skill level 20 in Fighting
  2032 | D        | Reached skill level 19 in Dodging
  2032 | D        | Reached skill level 15 in Evocations
  2034 | D        | Noticed a shadow dragon
  2034 | D        | Noticed a shadow dragon
  2039 | D        | Noticed a shadow dragon
  2042 | D        | Killed a doom hound
  2044 | D        | Noticed a bone dragon
  2047 | D        | Noticed a bone dragon
  2047 | D        | Killed a shadow dragon
  2049 | D        | Noticed a shadow dragon
  2057 | D        | Reached skill level 21 in Armour
  2057 | D        | Reached skill level 24 in Shields
  2058 | D        | Killed a shadow dragon
  2058 | D        | Reached skill level 16 in Evocations
  2063 | D        | Killed a shadow dragon
  2067 | D        | Killed a bone dragon
  2067 | D        | Reached skill level 25 in Axes
  2067 | D        | Reached skill level 20 in Dodging
  2069 | D        | Killed a bone dragon
  2069 | D        | Reached skill level 21 in Fighting
  2073 | D        | Killed a shadow dragon
  2075 | D        | Reached skill level 17 in Evocations
  2083 | D        | Got the ring "Daul" {rPois rF+ rC+ AC+3 Str+3}
  2103 | D        | Got the +0 pair of boots of Responsibility {rPois}
  2110 | D        | Identified Xeop Daw's Guide on Blistering Transformation (You found it in the Dungeon)
  2177 | D        | Entered arena 24.
  2191 | D        | Noticed an Orb Guardian
  2191 | D        | Noticed a golden dragon
  2191 | D        | Noticed an Orb Guardian
  2191 | D        | Noticed a tentacled monstrosity
  2191 | D        | Noticed an Orb Guardian
  2191 | D        | Noticed a quicksilver dragon
  2191 | D        | Noticed a tentacled monstrosity
  2192 | D        | Noticed a storm dragon
  2192 | D        | Noticed a tentacled monstrosity
  2192 | D        | Noticed an Orb Guardian
  2192 | D        | Noticed a death cob
  2192 | D        | Noticed an Orb Guardian
  2194 | D        | Noticed a storm dragon
  2194 | D        | Noticed an Orb Guardian
  2194 | D        | Noticed an Orb Guardian
  2194 | D        | Noticed a curse toe
  2195 | D        | Noticed a storm dragon
  2197 | D        | Noticed an Orb Guardian
  2199 | D        | Killed an Orb Guardian
  2199 | D        | Killed a death cob
  2202 | D        | Killed a quicksilver dragon
  2202 | D        | Reached skill level 22 in Armour
  2202 | D        | Reached skill level 25 in Shields
  2204 | D        | Reached XP level 18. HP: 111/167 MP: 2/30
  2208 | D        | Killed a tentacled monstrosity
  2209 | D        | Killed a tentacled monstrosity
  2209 | D        | Killed an Orb Guardian
  2209 | D        | Reached skill level 22 in Fighting
  2209 | D        | Reached skill level 18 in Evocations
  2213 | D        | HP: 27/168 [??? (16)]
  2216 | D        | Killed an Orb Guardian
  2216 | D        | Reached skill level 21 in Dodging
  2217 | D        | Killed an Orb Guardian
  2218 | D        | Killed an Orb Guardian
  2218 | D        | Killed a golden dragon
  2218 | D        | Reached skill level 26 in Axes
  2218 | D        | HP: 40/169 [Orb Guardian (28)]
  2219 | D        | Killed a tentacled monstrosity
  2219 | D        | Reached skill level 23 in Armour
  2221 | D        | Reached skill level 26 in Shields
  2221 | D        | Reached skill level 19 in Evocations
  2224 | D        | Killed an Orb Guardian
  2225 | D        | Reached skill level 23 in Fighting
  2227 | D        | Killed an Orb Guardian
  2234 | D        | Killed an Orb Guardian
  2245 | D        | Killed a curse toe
  2246 | D        | Reached skill level 20 in Evocations
  2320 | D        | Entered arena 25.
  2340 | D        | Reached skill level 22 in Dodging
  2347 | D        | Reached XP level 19. HP: 179/179 MP: 31/33
  2350 | D        | Reached skill level 24 in Armour
  2351 | D        | Reached skill level 27 in Shields
  2357 | D        | Reached skill level 27 in Axes
  2359 | D        | Reached skill level 24 in Fighting
  2366 | D        | Reached skill level 21 in Evocations
  2376 | D        | Reached skill level 25 in Armour
  2383 | D        | Reached skill level 23 in Dodging
  2435 | D        | Got the +0 cloak "Woupso" {rPois rN+ Dex+3}
  2490 | D        | Entered arena 26.
  2499 | D        | Identified a +7 lightning rod (12/14)
  2504 | D        | Noticed an iron giant
  2507 | D        | HP: 32/182 [flayed ghost/flay_damage (18)]
  2511 | D        | Reached skill level 25 in Fighting
  2512 | D        | Noticed an iron giant
  2514 | D        | Reached skill level 22 in Evocations
  2515 | D        | Noticed an iron giant
  2517 | D        | HP: 39/183 [??? (23)]
  2522 | D        | Killed an iron giant
  2524 | D        | Killed an iron giant
  2537 | D        | Killed an iron giant
  2542 | D        | Reached skill level 26 in Armour
  2654 | D        | Entered arena 27.
  2670 | D        | Noticed a lich
  2674 | D        | Noticed a doom hound
  2677 | D        | Reached skill level 23 in Evocations
  2678 | D        | Killed a lich
  2679 | D        | Reached skill level 26 in Fighting
  2681 | D        | Reached skill level 24 in Dodging
  2685 | D        | Killed a doom hound
  2685 | D        | Reached XP level 20. HP: 195/195 MP: 35/35
  2689 | D        | Noticed a Tzitzimitl
  2691 | D        | Reached skill level 24 in Evocations
  2692 | D        | Noticed a bone dragon
  2692 | D        | Reached skill level 27 in Armour
  2697 | D        | Noticed a Tzitzimitl
  2698 | D        | Killed a bone dragon
  2698 | D        | Reached skill level 27 in Fighting
  2700 | D        | Reached skill level 25 in Dodging
  2702 | D        | Reached skill level 25 in Evocations
  2706 | D        | Killed a Tzitzimitl
  2711 | D        | Killed a Tzitzimitl
  2711 | D        | Reached skill level 26 in Evocations
  2713 | D        | Reached skill level 26 in Dodging
  2841 | D        | Got the Orb of Zot
  2846 | D        | Escaped with the Orb!

Vault maps used:
D:        sprint_v

Skill      XL: |  1  2  3  4  5  6  7  8  9 10 11 12 13 14 15 16 17 18 19 20 |
---------------+-------------------------------------------------------------+-----
Axes           | 8 10 11 15 16 18 19 20 21 23 24 25 26 27 | 27.0
Armour         | 3 8 9 10 13 15 18 20 22 23 26 27 | 27.0
Dodging        | 4 7 8 9 11 12 15 18 20 22 24 26 | 26.1
Shields        | 3 8 10 11 14 17 20 23 25 26 27 | 27.0
Fighting       | 6 8 9 12 15 17 19 21 23 26 27 | 27.0
Evocations     | 11 14 17 20 23 26 | 26.3
Invocations    | 14 | 14.7
Stealth        | |  2.4

Action                   |  1- 3 |  4- 6 |  7- 9 | 10-12 | 13-15 | 16-18 | 19-21 || total
-------------------------+-------+-------+-------+-------+-------+-------+-------++-------
Melee: Broad axe         |     2 |     5 |    18 |   125 |   132 |    32 |       ||   314
       Executioner's axe |       |       |       |       |       |   144 |   143 ||   287
Invok: Greater Servant o |       |       |       |       |     1 |       |       ||     1
 Abil: Dig               |       |       |     1 |       |       |       |       ||     1
Evoke: Phial of floods   |       |       |     1 |     5 |     4 |     2 |       ||    12
       Box of beasts     |       |       |       |     1 |       |       |       ||     1
       Lamp of fire      |       |       |       |       |     2 |     2 |       ||     4
       Rod               |       |       |       |       |       |     8 |       ||     8
  Use: Potion            |     1 |       |       |       |     1 |     2 |     9 ||    13
       Scroll            |       |       |     1 |     5 |       |     3 |     9 ||    18
 Stab: Distracted        |       |       |       |     2 |     9 |     1 |       ||    12
       Paralysed         |       |       |       |       |     2 |       |       ||     2
       Confused          |       |       |       |       |       |     3 |       ||     3
       Invisible         |       |       |       |       |       |       |     8 ||     8
  Eat: Chunk             |       |       |       |       |     1 |     5 |       ||     6
       Fruit             |       |       |       |       |       |     1 |       ||     1
       Bread ration      |       |       |       |       |       |     1 |       ||     1
Armor: Plate armour      |     1 |     3 |     9 |    26 |   118 |   162 |    33 ||   352
Dodge: Dodged            |       |       |       |    12 |    62 |   178 |   148 ||   400
Block: Shield            |     3 |     7 |    24 |   157 |   341 |   502 |   331 ||  1365
       Reflection        |       |       |       |     5 |    25 |    10 |     4 ||    44

Vault maps used:
D:        sprint_v

Table legend:
 A = Turns spent in this place as a percentage of turns spent in the entire game.
 B = Non-inter-level travel turns spent in this place as a percentage of non-inter-level travel turns spent in the entire game.
 C = Inter-level travel turns spent in this place as a percentage of turns spent in this place.
 D = Turns resting spent in this place as a percentage of non-inter-level travel turns spent in this place.
 E = Turns spent auto-exploring this place as a percentage of non-inter-level travel turns spent in this place.
 F = Non-inter-level travel turns spent in this place divided by the number of levels of this place that you've seen.
                   A       B       C       D       E      F
               +-------+-------+-------+-------+-------+----------------------
         Total | 100.0 | 100.0 |   0.0 |   0.8 |   0.0 | 3089.0
       Dungeon | 100.0 | 100.0 |   0.0 |   0.8 |   0.0 | 3089.0
               +-------+-------+-------+-------+-------+----------------------

Table legend:
 A = Kills in this place as a percentage of kills in entire the game.
 B = Kills by you in this place as a percentage of kills by you in the entire game.
 C = Kills by friends in this place as a percentage of kills by friends in the entire game.
 D = Other kills in this place as a percentage of other kills in the entire game.
 E = Experience gained in this place as a percentage of experience gained in the entire game.
 F = Experience gained in this place divided by the number of levels of this place that you have seen.
                   A       B       C       D       E      F
               +-------+-------+-------+-------+-------+----------------------
         Total | 100.0 | 100.0 | 100.0 | 100.0 | 100.0 | 376666.0
       Dungeon | 100.0 | 100.0 | 100.0 | 100.0 | 100.0 | 376666.0
               +-------+-------+-------+-------+-------+----------------------
